 Dungeon Crawl Stone Soup version 0.31.0-9-g3a7656b989 (webtiles) character file.

Game seed: 8489662177035659571

3978 brob1 the Cleaver (level 10, -4/136 HPs)
             Began as a Minotaur Berserker on Feb 6, 2024.
             Was an Elder of Trog.
             Slain by a rakshasa
             ... wielding a +0 long sword
              (6 damage)
             ... on level 8 of the Dungeon.
             The game lasted 00:11:34 (6647 turns).

brob1 the Cleaver (Minotaur Berserker)              Turns: 6647, Time: 00:11:35

Health: -4/136     AC: 15    Str: 26    XL:     10   Next: 2%
Magic:  9/9        EV: 10    Int:  4    God:    Trog [****..]
Gold:   388        SH:  0    Dex: 10    Spells: 9/9 levels left

rFire   + . .        p - +0 morningstar
rCold   . . .        (no shield)
rNeg    . . .        h - +0 plate armour
rPois   .            (helmet restricted)
rElec   .            (no cloak)
rCorr   .            (no gloves)
SInv    .            q - +0 pair of boots {Stlth+}
Will    .....        (no amulet) Stlth
                     r - ring of protection from fire
HPRegen 0.42/turn    (no ring)
MPRegen 0.11/turn

%: no passive effects
@: berserking, very quick
A: horns 2, retaliatory headbutt
a: Renounce Religion, Berserk, Trog's Hand, Brothers in Arms


You were on level 8 of the Dungeon.
You worshipped Trog.
Trog was greatly pleased with you.
You visited 1 branch of the dungeon, and saw 8 of its levels.

You collected 439 gold pieces.
You spent 51 gold pieces at shops.

Inventory:

Hand Weapons
 p - a +0 morningstar (weapon)
 u - a +1 whip of flaming
 B - a +0 war axe
 C - a +0 battleaxe
Armour
 h - a +0 plate armour (worn)
 q - a +0 pair of boots of stealth (worn)
Jewellery
 r - a ring of protection from fire (left hand)
 s - an amulet of guardian spirit
Talismans
 m - a flux talisman
Wands
 k - a wand of acid (6)
 t - a wand of paralysis (22)
 A - a wand of flame (3)
 D - a wand of polymorph (5)
Scrolls
 a - a scroll of enchant weapon {unknown}
 b - a scroll of noise {unknown}
 c - a scroll of fog {unknown}
 e - 3 scrolls of teleportation
 j - 3 scrolls of fear
 n - a scroll of revelation {unknown}
 o - 2 scrolls of poison
 x - a scroll of blinking {unknown}
 y - 2 scrolls of amnesia {unknown}
Potions
 d - a potion of cancellation
 f - a potion of berserk rage {unknown}
 g - a potion of enlightenment
 i - a potion of degeneration {unknown}
 l - a potion of brilliance {unknown}
 v - 3 potions of might
 w - a potion of curing {unknown}
 z - a potion of invisibility {unknown}


   Skills:
 + Level 9.4 Fighting
 + Level 9.5 Axes
 + Level 9.0 Armour
 + Level 8.2 Dodging


You had 9 spell levels left.
You didn't know any spells.
Your spell library was empty.

Dungeon Overview and Level Annotations

Branches:
Dungeon (8/15)             Temple (0/1) D:4
   Lair: D:8-11

Altars:
Ashenzari
Dithmenos
Elyvilon
Gozag
Hepliaklqana
Kikubaaqudgha
Nemelex Xobeh
Qazlal
Sif Muna
Trog
Uskayaw
Vehumet
Wu Jian
The Shining One

Shops:
D:1 (   D:2 *   D:6 ?*

Annotations:
D:5 Prince Ribbit


Innate Abilities, Weirdness & Mutations

You have a pair of horns on your head.
You reflexively headbutt those who attack you in melee.


Message History

The centaur warrior kicks you but does no damage.
The wyvern bites you.
* * * LOW HITPOINT WARNING * * *
Unknown command.
Unknown command.
You barely miss the rakshasa. You headbutt the rakshasa!
The rakshasa is lightly wounded.
The centaur warrior hits you but does no damage.
The centaur warrior kicks you.
* * * LOW HITPOINT WARNING * * *
The wyvern closely misses you.
The rakshasa hits you with a +0 long sword!
* * * LOW HITPOINT WARNING * * *
The centaur warrior hits you.
* * * LOW HITPOINT WARNING * * *
The centaur warrior kicks you.
* * * LOW HITPOINT WARNING * * *
The wyvern closely misses you.
You closely miss the rakshasa. Your headbutt misses the rakshasa.
The rakshasa is lightly wounded.
The rakshasa barely misses you. The centaur warrior hits you.
* * * LOW HITPOINT WARNING * * *
The centaur warrior kicks you but does no damage.
The wyvern bites you!
* * * LOW HITPOINT WARNING * * *
You miss the rakshasa.
The rakshasa is lightly wounded.
The wyvern barely misses you.
The centaur warrior hits you but does no damage.
The centaur warrior kicks you but does no damage.
The rakshasa closely misses you.
Unknown command.
You sock the rakshasa!
The rakshasa is moderately wounded.
The wyvern bites you.
* * * LOW HITPOINT WARNING * * *
The centaur warrior hits you but does no damage.
The centaur warrior kicks you but does no damage.
The rakshasa hits you with a +0 long sword.
You die...

.......####.##########)##
...#.#..............^.).###
#.##.###.#................#
#.........########.###..#.#
#.##.######.. ..##.# #..#.#
#.##.# .###..#.###..#.# #.#
#!#8.#......#.# ..
#(##k######.#.# #c@8###
#.#.## #.R†'.# #.#..#
#[##'##.# #..#.# #)#8†#..#
##.#.# .###..#.## #.#.#
#..'..###.## #.#.# ##
#######.# #.#.# ## #.#.##
#.#.# .. #.## #...#


You could see a rakshasa, a centaur warrior and a wyvern.

Vanquished Creatures
  Pikel (D:5)
  A steam dragon (D:7)
  Menkaure (D:6)
  A water moccasin (D:8)
  3 sky beasts
  An orc warrior (D:7)
  An ice beast (D:7)
  A black bear (D:7)
  2 centaurs
  2 lemures
  3 kobold brigands
  A phantom (D:4)
  A gnoll sergeant (D:7)
  5 bullfrogs
  5 scorpions
  2 wyvern zombies (D:6)
  3 wights (D:7)
  2 burial acolytes (D:6)
  8 killer bees (D:7)
  2 jellies
  3 bullfrog zombies (D:6)
  A hound (D:5)
  A human zombie (D:6)
  2 orc priests
  3 bullfrog skeletons (D:6)
  6 orc wizards (D:7)
  2 iguanas (D:5)
  A killer bee zombie (D:6)
  3 gnolls (D:7)
  5 adders
  A shadow imp (D:6)
  4 dart slugs
  A ribbon worm (D:5)
  24 orcs
  3 endoplasms
  3 giant cockroaches
  11 goblins
  8 hobgoblins
  4 quokkas
  5 ball pythons
  5 bats
  13 kobolds
  5 rats
160 creatures vanquished.

Notes
Turn   | Place    | Note
-------+----------+-------------------------------------------
     0 | D:1      | brob1 the Minotaur Berserker began the quest for the Orb.
     0 | D:1      | Reached XP level 1. HP: 19/19 MP: 0/0
   172 | D:1      | Reached XP level 2. HP: 27/27 MP: 1/1
   212 | D:1      | Found a faded altar of an unknown god.
   382 | D:1      | Found Vavei's Antique Weapon Shop.
   555 | D:2      | Reached XP level 3. HP: 33/33 MP: 2/2
   667 | D:2      | Found Meil's General Store.
  1053 | D:3      | Found a stormy altar of Qazlal.
  1057 | D:3      | Reached ** piety under Trog
  1130 | D:3      | Found a hazy altar of Hepliaklqana.
  1371 | D:3      | Reached XP level 4. HP: 40/40 MP: 3/3
  1961 | D:4      | Found a staircase to the Ecumenical Temple.
  1987 | D:4      | Noticed a bullfrog
  1995 | D:4      | Killed a bullfrog
  1996 | D:4      | Reached XP level 5. HP: 38/47 MP: 4/4
  2064 | D:4      | Noticed a phantom
  2070 | D:4      | Killed a phantom
  2071 | D:4      | Reached skill level 5 in Axes
  2454 | D:4      | Reached skill level 5 in Fighting
  2528 | D:5      | Entered Level 5 of the Dungeon
  2540 | D:5      | Reached XP level 6. HP: 44/56 MP: 5/5
  2834 | D:5      | Found a white marble altar of Elyvilon.
  2970 | D:5      | Found an ornate altar of the Wu Jian Council.
  3437 | D:6      | Noticed Prince Ribbit
  3438 | D:6      | Noticed Pikel
  3867 | D:5      | Paralysed by Pikel for 3 turns
  3876 | D:5      | Killed Pikel
  3877 | D:5      | Reached skill level 5 in Armour
  3877 | D:5      | Reached skill level 5 in Dodging
  3877 | D:5      | Reached XP level 7. HP: 55/64 MP: 6/6
  3985 | D:5      | Reached XP level 8. HP: 24/71 MP: 7/7
  4392 | D:6      | Found a shadowy altar of Dithmenos.
  4405 | D:6      | Noticed Menkaure
  4409 | D:6      | Killed Menkaure
  4417 | D:6      | Reached *** piety under Trog
  4530 | D:6      | Found a hide-covered altar of Uskayaw.
  4557 | D:6      | Found a glowing golden altar of the Shining One.
  4599 | D:6      | Found an ancient bone altar of Kikubaaqudgha.
  4774 | D:6      | Reached XP level 9. HP: 60/81 MP: 8/8
  4936 | D:6      | Found Ciniop's Assorted Antiques.
  4941 | D:6      | Bought a scroll labelled DEBRIAJUBBY for 27 gold pieces
  4941 | D:6      | Bought a purple potion for 24 gold pieces
  5162 | D:6      | Found Dual Cecw's Magic Scroll Shop.
  5308 | D:6      | Found a bloodstained altar of Trog.
  5400 | D:7      | Found a broken altar of Ashenzari.
  5551 | D:7      | Reached **** piety under Trog
  6090 | D:7      | Found a radiant altar of Vehumet.
  6280 | D:7      | Found a sparkling altar of Nemelex Xobeh.
  6366 | D:7      | Found a shimmering blue altar of Sif Muna.
  6410 | D:7      | Found an opulent altar of Gozag.
  6616 | D:8      | Reached XP level 10. HP: 91/91 MP: 9/9
  6616 | D:8      | Noticed a centaur warrior
  6632 | D:8      | Noticed a rakshasa
  6645 | D:8      | HP: 6/136 [wyvern (10)]
  6647 | D:8      | HP: 2/136 [wyvern (5)]
  6647 | D:8      | Slain by a rakshasa

Illustrated notes

Levels and vault maps discovered:
D:1:      grunt_arrival_lava_bath, layout_basic,
          hellmonk_ecumenical_altar_arch_garden, serial_shops, shop_statue
D:2:      layout_rooms, serial_shops, shop
D:3:      layout_loops_corners, nzn_hepliaklqana_mist_gate,
          mainiacjoe_overflow_brackets
D:4:      nicolae_cairo_tiling_large, layout_cave_pools,
          minmay_temple_entry_enclosed_plants, minmay_close_crescents
D:5:      layout_basic, mainiacjoe_overflow_surrounded_room, elyvilon_altar_5,
          kennysheep_generic_room_9
D:6:      layout_cave_pools, lemuel_mausoleum_altar_kikubaaqudgha,
          lightli_temple_of_fire, lemuel_doored_altar,
          mainiacjoe_overflow_24_doors,
          nicolae_uskayaw_murder_on_the_dancefloor, serial_shops,
          nicolae_shop_behind_doors, nicolae_shop_rolling_square, uniq_pikel,
          uniq_menkaure, uniq_prince_ribbit1
D:7:      layout_rooms, ashenzari_conservatory_becter, jmf_multi_god_temple2,
          nicolae_vehumet_altar_sigil, nemelex_spade_bored_becter,
          chequers_jeans
D:8:      minmay_chambers_of_sixes, layout_loops_ring, uniq_jeremiah

Skill      XL: |  1  2  3  4  5  6  7  8  9 |
---------------+----------------------------+-----
Axes           | 4 5 6 8 9 |  9.5
Fighting       | 4 5 6 7 9 |  9.4
Armour         | 3 4 5 6 7 9 |  9.0
Dodging        | 3 5 6 8 |  8.2

Action                     |  1- 3 |  4- 6 |  7- 9 | 10-12 || total
---------------------------+-------+-------+-------+-------++-------
  Melee: Hand axe          |    69 |   102 |       |       ||   171
         Headbutt          |    15 |    20 |    62 |     3 ||   100
         Punch             |     1 |       |     2 |     1 ||     4
         Morningstar       |       |       |   257 |    24 ||   281
 Invoke: Berserk           |       |     1 |     5 |     1 ||     7
  Evoke: Wand              |       |       |     1 |       ||     1
    Use: Scroll            |       |     3 |     3 |       ||     6
         Potion            |       |       |     1 |       ||     1
 Armour: Animal skin       |    36 |       |       |       ||    36
         Plate armour      |     2 |    98 |   313 |    61 ||   474
  Dodge: Dodged            |    49 |    43 |   162 |    19 ||   273
